 Dungeon Crawl Stone Soup version 0.21-a0-405-gf2af9a1 (webtiles) character file.

700 Heskey the Fighter (level 7, -2/80 HPs)
             Began as an Ogre Berserker on Nov 1, 2017.
             Was a Priest of Trog.
             Slain by a gnoll
             ... wielding a +0 flail
              (9 damage)
             ... on level 5 of the Dungeon.
             The game lasted 00:09:19 (4252 turns).

Heskey the Fighter (Ogre Berserker)                 Turns: 4252, Time: 00:09:19

Health: -2/80      AC:  3    Str: 24    XL:     7   Next: 65%
Magic:  7/7        EV: 11    Int:  8    God:    Trog [***...]
Gold:   180        SH:  6    Dex:  8    Spells: 6/6 levels left

rFire    . . .     SeeInvis .   d - +1 giant spiked club
rCold    + . .     Gourm    .   (shield currently unavailable)
rNeg     . . .     Faith    .   b - +0 animal skin
rPois    .         Spirit   .   (helmet restricted)
rElec    .         Reflect  +   i - scarf {cloud immunity}
rCorr    .         Harm     .   (gloves unavailable)
MR       .....                  (boots unavailable)
Stlth    +.........             j - +6 amulet of reflection
HPRegen  0.23/turn              g - ring of ice
MPRegen  0.10/turn              w - ring of protection from fire

@: berserk cooldown, slowed, very slow
A: unfitting armour, antennae 1, tough skin 1, wild magic 1
a: Berserk, Trog's Hand, Burn Spellbooks, Renounce Religion


You were on level 5 of the Dungeon.
You worshipped Trog.
Trog was most pleased with you.
You were hungry.

You visited 1 branch of the dungeon, and saw 5 of its levels.

You collected 180 gold pieces.

Inventory:

Hand Weapons
 d - a +1 giant spiked club (weapon)
Missiles
 v - 6 tomahawks (quivered)
Armour
 b - a +0 animal skin (worn)
 i - a scarf of cloud immunity (worn)
Jewellery
 g - a ring of ice (left hand)
 h - a cursed amulet of inaccuracy {unknown}
 j - a +6 amulet of reflection (around neck)
 s - an uncursed amulet of magic regeneration
 w - a ring of protection from fire (right hand)
Wands
 k - a wand of enslavement (23/24)
Scrolls
 a - a scroll of magic mapping {unknown}
 e - a scroll of identify
 n - 2 scrolls of fog
 q - 2 scrolls of remove curse
Potions
 f - a potion of cancellation
 m - a potion of curing
Comestibles
 c - 3 bread rations
 l - a royal jelly
 o - 3 chunks of flesh
 p - 3 fruits
 t - a meat ration


   Skills:
 + Level 8.1 Fighting
 + Level 4.5 Maces & Flails
 + Level 1.7 Throwing
 + Level 4.5 Dodging


You had 6 spell levels left.
You didn't know any spells.

Dungeon Overview and Level Annotations

Branches:
Dungeon (5/15)
 Temple: D:4-7

Altars:
Elyvilon
Gozag
Makhleb
Nemelex Xobeh
Okawaru
Ru
Sif Muna
Vehumet
Wu Jian


Innate Abilities, Weirdness & Mutations

You are too large for most types of armour.
You have tough skin. (AC +1)
You have a pair of small antennae on your head.
Your spells are a little harder to cast, but a little more powerful.


Message History

You hear an angry hiss.
You block the gnoll's attack. The gnoll closely misses you.
You hear a shout!
You sock the gnoll!
You kill the gnoll!
Trog accepts your kill.
You hear a shout!
The gnoll hits you with a flail. The gnoll hits you with a flail!
You barely miss the gnoll.
You are no longer berserk.
You are exhausted.
You feel yourself slow down. The gnoll hits you with a flail!
* * * LOW HITPOINT WARNING * * *
You barely miss the gnoll. You block the gnoll's attack.
The gnoll hits you with a flail.
* * * LOW HITPOINT WARNING * * *
The gnoll hits you with a flail!
* * * LOW HITPOINT WARNING * * *
You barely miss the gnoll. The gnoll hits you with a flail!
You die...

... #.# ##(###
#....# ### #....#
#... #....#
##....##....#
........g)).#
......###@##.....
..### ##.# ... #..#
.... #.## ....
#?###.... #.
##........
.....####.........
.............##....
#...#.#####..# ...


You could see a gnoll.

Vanquished Creatures
  Sigmund (D:4)
  An ogre (D:4)
  A gnoll shaman (D:5)
  A hound (D:4)
  2 iguanas
  4 worker ants (D:4)
  7 gnolls
  8 adders
  An adder skeleton (D:2)
  A worm (D:5)
  5 dart slugs
  2 leopard geckos (D:2)
  7 orcs (D:3)
  8 bats
  7 giant cockroaches
  7 goblins
  5 hobgoblins
  4 jackals
  6 frilled lizards
  12 kobolds
  3 rats (D:1)
93 creatures vanquished.

Notes
Turn   | Place    | Note
-------+----------+-------------------------------------------
     0 | D:1      | Heskey the Ogre Berserker began the quest for the Orb.
     0 | D:1      | Reached XP level 1. HP: 24/24 MP: 1/1
    52 | D:1      | Reached XP level 2. HP: 24/33 MP: 2/2
   489 | D:1      | Reached ** piety under Trog
   489 | D:1      | Reached XP level 3. HP: 38/41 MP: 3/3
   683 | D:1      | Reached skill level 5 in Fighting
  1016 | D:2      | Found a faded altar of an unknown god.
  1133 | D:2      | Reached XP level 4. HP: 44/50 MP: 4/4
  1503 | D:3      | Found a radiant altar of Vehumet.
  1559 | D:3      | Reached XP level 5. HP: 32/59 MP: 5/5
  1721 | D:3      | Reached skill level 6 in Fighting
  1837 | D:3      | Reached *** piety under Trog
  2688 | D:3      | Found a deep blue altar of Sif Muna.
  2688 | D:3      | Found an opulent altar of Gozag.
  2689 | D:3      | Found a burning altar of Makhleb.
  2689 | D:3      | Found an ornate altar of the Wu Jian Council.
  2690 | D:3      | Found a white marble altar of Elyvilon.
  2691 | D:3      | Found a sparkling altar of Nemelex Xobeh.
  2693 | D:3      | Found an iron altar of Okawaru.
  2810 | D:4      | Gained mutation: Your spells are a little harder to cast, but a little more powerful. [potion of mutation]
  2810 | D:4      | Gained mutation: You have a pair of small antennae on your head. [potion of mutation]
  2815 | D:4      | Noticed an ogre
  2825 | D:4      | Killed an ogre
  2825 | D:4      | Reached skill level 7 in Fighting
  2825 | D:4      | Reached XP level 6. HP: 25/71 MP: 6/6
  3314 | D:4      | Found a sacrificial altar of Ru.
  3909 | D:4      | Reached XP level 7. HP: 79/79 MP: 7/7
  3922 | D:4      | Noticed Sigmund
  3930 | D:4      | Killed Sigmund
  3930 | D:4      | Reached skill level 8 in Fighting
  3930 | D:4      | Reached skill level 1 in Throwing
  4144 | D:5      | Entered Level 5 of the Dungeon
  4252 | D:5      | Slain by a gnoll

Vault maps used:
D:1:      ncdulo_lavacross
D:2:      chequers_ecumenical_altar_simple, first_bread,
          minmay_misc_feat_hallway, kennysheep_generic_room_13
D:3:      minitemple, minmay_unequal
D:4:      kennysheep_mini, uniq_sigmund
D:5:      temple_hall, uniq_ijyb

Skill      XL: |  1  2  3  4  5  6  7 |
---------------+----------------------+-----
Dodging        | 3 4 |  4.5
Maces & Flails | 3 4 |  4.5
Fighting       | 5 7 8 |  8.1
Throwing       | 1 |  1.7

Action                   |  1- 3 |  4- 6 |  7- 9 || total
-------------------------+-------+-------+-------++-------
Melee: Mace              |    98 |   133 |       ||   231
       Giant spiked club |       |    65 |    23 ||    88
Throw: Tomahawk          |       |       |     4 ||     4
Invok: Berserk           |     1 |     5 |     2 ||     8
  Use: Potion            |       |     4 |     1 ||     5
       Scroll            |       |     1 |    10 ||    11
  Eat: Chunk             |     1 |    11 |     3 ||    15
       Fruit             |       |     1 |       ||     1
       Royal jelly       |       |     1 |       ||     1
Armor: Animal skin       |    47 |    31 |     1 ||    79
Dodge: Dodged            |    60 |   105 |     9 ||   174
Block: Other             |     7 |    68 |     8 ||    83
       Reflection        |     4 |     3 |       ||     7

Table legend:
 A = Spawn XP
 B = Non-spawn XP
 C = Spawn XP percentage of total XP
 D = Spawn monster count
 E = Non-spawn monster count
 F = Spawn count percentage of total count
 G = Total turns spent on level
                    A         B        C        D         E        F      G
               +---------+---------+-------+---------+---------+-------+---------
         Total |       0 |    1000 |   0.0 |       0 |      93 |   0.0 |  4252
               +---------+---------+-------+---------+---------+-------+---------
           D:1 |       0 |      48 |   0.0 |       0 |      24 |   0.0 |   724
           D:2 |       0 |     101 |   0.0 |       0 |      19 |   0.0 |   693
           D:3 |       0 |     100 |   0.0 |       0 |      27 |   0.0 |  1329
           D:4 |       0 |     626 |   0.0 |       0 |      17 |   0.0 |  1398
           D:5 |       0 |     125 |   0.0 |       0 |       6 |   0.0 |   108
               +---------+---------+-------+---------+---------+-------+---------
